 Dungeon Crawl Stone Soup version 0.25-a0-504-g768f60da87 (webtiles) character file.

Game seed: 16287390307727636858, levelgen mode: deterministic

935 ICC the Thaumaturge (level 7, -1/46 HPs)
             Began as a Vampire Fire Elementalist on Feb 14, 2020.
             Slain by a centaur (6 damage)
             ... on level 5 of the Dungeon.
             The game lasted 00:24:56 (4474 turns).

ICC the Thaumaturge (Vampire Fire Elementalist)     Turns: 4474, Time: 00:24:58

Health: -1/46      AC:  7    Str:  7    XL:     7   Next: 87%
Magic:  3/18       EV: 10    Int: 19    God:
Gold:   164        SH:  0    Dex: 15    Spells: 18/22 levels left

rFire    . . .     SeeInvis +   q - +1 short sword (drain)
rCold    + . .     Gourm    .   (no shield)
rNeg     . . .     Faith    .   E - +0 ring mail "Poavonai" {+Inv +Fly rC+ Slay-3} (curse)
rPois    .         Spirit   .   k - +1 helmet
rElec    .         Reflect  .   (no cloak)
rCorr    .         Harm     .   (no gloves)
MR       .....                  (no boots)
Stlth    ++........             (no amulet)
HPRegen  0.35/turn              (no ring)
MPRegen  0.16/turn              (no ring)

@: very slightly contaminated, regenerating quickly
A: no food, fangs 3, see invisible, unbreathing
a: Exsanguinate, Evoke Invisibility, Evoke Flight


You were on level 5 of the Dungeon.
You were alive.

You visited 2 branches of the dungeon, and saw 6 of its levels.

You collected 164 gold pieces.

Inventory:

Hand Weapons
 q - a +1 short sword of draining (weapon)
 A - a +1 vorpal hand axe
 D - a +3 trident
Missiles
 f - 132 stones
 g - 4 poisoned darts (quivered)
 l - 3 boomerangs of dispersal
 z - 2 boomerangs
 B - a throwing net
Armour
 a - a +0 robe
 i - a +0 leather armour of magic resistance
 k - a +1 helmet (worn)
 o - a cursed +0 ring mail
 u - a +0 buckler
 E - the cursed +0 ring mail "Poavonai" (worn) {+Inv +Fly rC+ Slay-3}
   (You found it on level 4 of the Dungeon)

   It affects your accuracy and damage with ranged weapons and melee attacks
   (-3).
   It protects you from cold.
   It lets you turn invisible.
   It lets you fly.
   If you remove this armour, your AC will decrease by 5 (7 -> 2).
   It has a curse placed upon it.
Wands
 d - a wand of flame (6)
 C - a wand of polymorph (5)
Scrolls
 m - a scroll of teleportation
 v - 2 scrolls of enchant armour
Potions
 b - 3 potions of degeneration {unknown}
 c - 4 potions of magic {unknown}
 e - 4 potions of curing {unknown}
 h - a potion of mutation {unknown}
 j - 3 potions of might
 p - 3 potions of heal wounds
 r - 2 potions of lignification
 s - a potion of berserk rage


   Skills:
 + Level 0.0 Fighting
 - Level 2.1 Dodging
 - Level 3.0 Stealth
 + Level 0.0 Shields
 - Level 8.1 Spellcasting
 - Level 1.0 Conjurations
 - Level 2.0 Hexes
 - Level 3.0 Fire Magic


You had 18 spell levels left.
You knew the following spells:

 Your Spells              Type           Power        Failure   Level  Hunger
a - Foxfire               Conj/Fire      ###.         14%         1    N/A
z - Inner Flame           Hex/Fire       ###.....     34%         3    N/A

Your spell library contained the following spells:

 Spells                   Type           Power        Failure   Level  Hunger
 Animate Skeleton         Necr           N/A          32%         1    N/A
 Pain                     Necr           #...         32%         1    N/A
 Conjure Flame            Conj/Fire      ###.....     38%         3    N/A
 Vampiric Draining        Necr           #.........   67%         3    N/A
 Sticky Flame             Conj/Fire      ###.....     80%         4    N/A
 Animate Dead             Necr           N/A          97%         4    N/A
 Fireball                 Conj/Fire      ###.......   98%         5    N/A
 Agony                    Necr           #.......     100%        5    N/A

Dungeon Overview and Level Annotations

Branches:
Dungeon (5/15)             Temple (1/1) D:4

Altars:
Ashenzari
Dithmenos
Elyvilon
Fedhas
Hepliaklqana
Kikubaaqudgha
Makhleb
Nemelex Xobeh
Ru
Sif Muna
Trog
Uskayaw
Vehumet
Wu Jian
Yredelemnul

Annotations:
D:5 4 runed translucent doors, Crazy Yiuf; ZangPog's ghost, novice MiHu


Innate Abilities, Weirdness & Mutations

You do not eat.
Your natural rate of healing is unusually fast.
You have razor-sharp teeth.
You have supernaturally acute eyesight. (SInv)
You can survive without breathing.


Message History

The centaur wields a +0 shortbow.
The centaur shoots an arrow.
The arrow hits you.
* * * LOW HITPOINT WARNING * * *
The centaur shoots an arrow.
The arrow closely misses you.
Things that are here:
a +0 shortbow; 21 arrows The centaur shoots an arrow.
The arrow closely misses you.
The centaur shoots an arrow.
The arrow hits you.
* * * LOW HITPOINT WARNING * * *
You see here an arrow.
The centaur unwields a +0 shortbow.
The centaur closely misses you.
Casting: Inner Flame (safe; 34% risk of failure)
Confirm with . or Enter, or press ? or * to list all spells.
Aiming: Inner Flame (safe; 34% risk of failure)
Press: ? - help, Shift-Dir - straight line, f/p - centaur
Aim: a centaur, quivering 21 arrows (chance to defeat MR: 73%)
You miscast Inner Flame.
Your skin tingles.
The centaur hits you.
* * * LOW HITPOINT WARNING * * *
The centaur hits you.
You die...

#.........## ##..........ยง
###..........###..#.........
..........##..#..####.......
.####....####...## .......
##..## ##...# ##%.....# ##.#
#....# ##..(....# ##.#
##....###.(....... #
####..###..(..(##.........
###......#.....c@()...(#####
.................#....##
..##...#...##....###..#
.##...##...###...####.)#
.....###..###.....# ..#
.....# #..# #.....# #.#
#....# #..##......# ..
###..###........... ..
##........#.......


You could see a centaur.

Vanquished Creatures
  2 ogres (D:5)
  2 centaurs (D:5)
  A bullfrog (D:3)
  A hound (D:5)
  2 jellies (D:5)
  A gnoll shaman (D:5)
  2 orc priests (D:4)
  An orc wizard (D:4)
  2 iguanas (D:4)
  2 worker ants
  5 gnolls (D:5)
  9 adders
  An ooze (D:2)
  2 adder skeletons (D:4)
  A worm (D:3)
  2 dart slugs (D:1)
  2 leopard geckos
  14 orcs
  A giant cockroach (D:1)
  8 goblins
  7 hobgoblins
  9 jackals
  5 quokkas
  2 ball pythons
  7 bats
  4 frilled lizards
  A giant cockroach zombie (D:5)
  4 kobolds
  A leopard gecko skeleton (D:4)
  A quokka skeleton (D:4)
  3 rats (D:1)
  2 plants (D:4)
107 creatures vanquished.

Vanquished Creatures (others)
  231 foxfires
231 creatures vanquished.

Grand Total: 338 creatures vanquished

Notes
Turn   | Place    | Note
-------+----------+-------------------------------------------
     0 | D:1      | ICC the Vampire Fire Elementalist began the quest for the
                  | Orb.
     0 | D:1      | Reached XP level 1. HP: 13/13 MP: 3/3
   144 | D:1      | Reached skill level 1 in Conjurations
   173 | D:1      | Reached XP level 2. HP: 18/19 MP: 0/5
  1070 | D:2      | Found a blossoming altar of Fedhas.
  1077 | D:2      | Reached XP level 3. HP: 24/24 MP: 3/6
  1101 | D:2      | Learned a level 3 spell: Inner Flame
  1155 | D:2      | Reached skill level 3 in Spellcasting
  1258 | D:2      | Reached skill level 1 in Hexes
  1258 | D:2      | Reached XP level 4. HP: 30/30 MP: 3/8
  2042 | D:3      | Noticed a bullfrog
  2080 | D:3      | Killed a bullfrog
  2080 | D:3      | Reached skill level 4 in Spellcasting
  2080 | D:3      | Reached XP level 5. HP: 35/35 MP: 4/11
  2714 | D:4      | Reached skill level 5 in Spellcasting
  2759 | D:4      | Reached XP level 6. HP: 41/41 MP: 4/13
  3070 | D:4      | Found a staircase to the Ecumenical Temple.
  3079 | Temple   | Entered the Ecumenical Temple
  3273 | D:4      | Got a steaming ring mail
  3283 | D:4      | Identified the cursed +0 ring mail "Poavonai" {+Inv +Fly
                  | rC+ Slay-3} (You found it on level 4 of the Dungeon)
  3485 | D:4      | Reached skill level 6 in Spellcasting
  3815 | D:5      | Entered Level 5 of the Dungeon
  3833 | D:5      | Found a runed translucent gate.
  3833 | D:5      | Found a runed translucent gate.
  3834 | D:5      | Found a runed translucent gate.
  3835 | D:5      | Noticed ZangPog's ghost (novice MiHu)
  3863 | D:5      | Reached XP level 7. HP: 45/46 MP: 5/16
  3974 | D:5      | Reached skill level 7 in Spellcasting
  4085 | D:5      | Found a runed translucent door.
  4086 | D:5      | Noticed Crazy Yiuf
  4333 | D:5      | HP: 1/46 [acid (8)]
  4450 | D:5      | Reached skill level 8 in Spellcasting
  4474 | D:5      | Slain by a centaur

Levels and vault maps discovered:
D:1:      minmay_arrival_hallway, layout_loops_corners,
          chequers_serial_rivers_micro_c, minmay_misc_feat_tower
D:2:      layout_basic, fedhas_altar_1, corexii_hall_statues_t
D:3:      layout_basic, first_ration, st_stairs_6
D:4:      kennysheep_big_flooded_room, layout_basic,
          minmay_temple_entry_gardened_gates
D:5:      layout_layer_cave, kennysheep_little_box, ebering_ghost_rock_garden,
          uniq_crazy_yiuf_cottage
Temple:   zaba_magenta_temple

Skill      XL: |  1  2  3  4  5  6  7 |
---------------+----------------------+-----
Conjurations   | 1 |  1.0
Fire Magic     | 3 |  3.0
Spellcasting   | 3 4 5 6 8 |  8.1
Hexes          | 1 2 |  2.0
Dodging        | |  2.1
Stealth        | |  3.0

Action                   |  1- 3 |  4- 6 |  7- 9 || total
-------------------------+-------+-------+-------++-------
Melee: Dagger            |    45 |       |       ||    45
       Unarmed           |     2 |       |       ||     2
       Bite              |     6 |     6 |     2 ||    14
       Short sword       |     1 |    70 |    14 ||    85
Throw: Dart              |     2 |    14 |    14 ||    30
 Cast: Foxfire           |    40 |    90 |    10 ||   140
       Inner Flame       |       |     8 |    11 ||    19
  Use: Scroll            |       |    11 |       ||    11
 Stab: Sleeping          |     4 |     1 |     1 ||     6
Armor: Robe              |    16 |    18 |       ||    34
       Ring mail         |       |    13 |    12 ||    25
Dodge: Dodged            |    39 |    81 |    17 ||   137

Table legend:
 A = Non-vault XP
 B = Vault XP
 C = Vault XP percentage of total XP
 D = Non-vault monster count
 E = Vault monster count
 F = Vault count percentage of total count
                 A         B        C        D         E       F
            +---------+---------+-------+---------+---------+-------
      Total |    1319 |      17 |   1.3 |     101 |       4 |   3.8
            +---------+---------+-------+---------+---------+-------
        D:1 |      39 |       0 |   0.0 |      21 |       0 |   0.0
        D:2 |     103 |       0 |   0.0 |      22 |       0 |   0.0
        D:3 |     138 |      15 |   9.8 |      19 |       2 |   9.5
        D:4 |     310 |       2 |   0.6 |      22 |       2 |   8.3
        D:5 |     729 |       0 |   0.0 |      17 |       0 |   0.0
            +---------+---------+-------+---------+---------+-------
